 Dungeon Crawl Stone Soup version 0.22-a0-265-g0d8bc90 (webtiles) character file.

2363 Klosterheim the Geomancer (level 9, -3/57 HPs)
             Began as a Formicid Earth Elementalist on Mar 7, 2018.
             Was a Follower of Ashenzari.
             Slain by a wyvern skeleton (11 damage)
             ... on level 6 of the Dungeon.
             The game lasted 00:23:12 (9061 turns).

Klosterheim the Geomancer (FoEE)                    Turns: 9061, Time: 00:23:13

Health: -3/57      AC:  4    Str: 12    XL:     9   Next: 72%
Magic:  12/17      EV: 12    Int: 19    God:    Ashenzari [*.....]
Gold:   347        SH:  0    Dex: 11    Spells: 8/18 levels left

rFire    + . .     SeeInvis +   m - +0 dagger (pain) (curse)
rCold    . . .     Gourm    .   (no shield)
rNeg     . . .     Faith    .   i - +2 robe {rF+} (curse)
rPois    .         Spirit   .   (helmet unavailable)
rElec    .         Reflect  .   (no cloak)
rCorr    .         Harm     .   (no gloves)
MR       .....                  (no boots)
Stlth    +++.......             p - amulet of the acrobat (curse)
HPRegen  0.19/turn              k - ring of flight
MPRegen  0.15/turn              (no ring)

@: no status effects
A: permanent stasis, dig shafts and tunnels, four strong arms, antennae 3
a: Dig, Shaft Self, Curse Item, Scrying, Renounce Religion, Evoke Flight


You were on level 6 of the Dungeon.
You worshipped Ashenzari.
Ashenzari was aware of your devotion.
You were hungry.

You visited 1 branch of the dungeon, and saw 6 of its levels.
You also visited: Ossuary.

You collected 347 gold pieces.

Inventory:

Hand Weapons
 m - a cursed +0 dagger of pain (weapon)
Missiles
 b - 101 stones (quivered)
Armour
 i - a cursed +2 robe of fire resistance (worn)
Jewellery
 k - a ring of flight (left hand)
 p - a cursed amulet of the acrobat (around neck)
 q - an uncursed ring of fire
Wands
 t - a wand of polymorph (14)
 v - a wand of digging (5)
Scrolls
 e - 2 scrolls of amnesia
 f - a scroll of fear
 l - 2 scrolls of enchant armour
 n - 5 scrolls of remove curse
 s - 2 scrolls of identify
Potions
 a - 2 potions of resistance {unknown}
 c - a potion of curing
 g - a potion of haste {unknown}
 h - 2 potions of agility
 j - a potion of brilliance {unknown}
 o - 2 potions of lignification
 r - 3 potions of cancellation
Comestibles
 d - 9 rations
 u - 3 chunks of flesh


   Skills:
 + Level 3.5 Short Blades
 - Level 1.7 Dodging
 + Level 6.8 Stealth
 - Level 0.1 Unarmed Combat
 + Level 5.4 Spellcasting
 + Level 3.6 Conjurations
 - Level 4.0 Transmutations
 * Level 9.7 Earth Magic


You had 8 spell levels left.
You knew the following spells:

 Your Spells              Type           Power        Failure   Level  Hunger
a - Sandblast             Erth           #####.       1%          1    None
b - Passwall              Tmut/Erth      ####......   1%          2    None
c - Stone Arrow           Conj/Erth      ####..       2%          3    ##.....
d - Petrify               Tmut/Erth      ####....     7%          4    ####...


Dungeon Overview and Level Annotations

Branches:
Dungeon (6/15)             Temple (0/1) D:5

Altars:
Ashenzari
Trog
Xom


Innate Abilities, Weirdness & Mutations

You cannot be hasted, slowed, berserked, paralysed or teleported.
You can dig through walls and to a lower floor.
Your four strong arms can wield two-handed weapons with a shield.
You have a pair of large antennae on your head. (SInv)


Message History

Confirm with . or Enter, or press ? or * to list all spells.
Okay, then.
Casting: Stone Arrow (safe; 2% risk of failure)
Confirm with . or Enter, or press ? or * to list all spells.
Which direction?
This rock feels extremely deep.
The wyvern skeleton bites you!
* * * LOW HITPOINT WARNING * * *
The giant cockroach bites you but does no damage.
The wyvern skeleton completely misses you.
Casting: Passwall (safe; 1% risk of failure)
Confirm with . or Enter, or press ? or * to list all spells.
Which direction?
This rock feels extremely deep.
The wyvern skeleton bites you.
* * * LOW HITPOINT WARNING * * *
The wyvern skeleton closely misses you.
Casting: Passwall (safe; 1% risk of failure)
Confirm with . or Enter, or press ? or * to list all spells.
Which direction?
This rock feels extremely deep.
The wyvern skeleton bites you!
You die...

#..# ......... ##.#
.......... #.#
#............ #.#
+.$.......... #.##
#............ #..#
#............ ##.##
#........ ###..##+##
#........ #.......@#
#....(...
+......sZ###........
#........5..a#######
#........a...#
#.......$....#
#............#
#...............
#......>........
#................


You could see a worker ant, a shadow imp, a giant cockroach and a wyvern
skeleton.

Vanquished Creatures
  Grinder (D:3)
  2 wraiths (Ossuary)
  The ghost of Thaneod the Chopper, an amateur DsBe of Trog (D:4)
  A black bear (D:6)
  A sky beast (D:6)
  An ice beast (D:6)
  3 ogres
  A centaur (D:5)
  A wyvern zombie (D:6)
  2 scorpions (D:5)
  A howler monkey (D:5)
  3 wights (Ossuary)
  3 hounds
  A bullfrog zombie (D:6)
  4 orc priests
  A gnoll shaman (D:4)
  A centaur skeleton (D:5)
  6 orc wizards
  3 iguanas
  2 worker ants
  A hound zombie (D:5)
  A mummy (D:5)
  2 worker ant zombies (D:5)
  5 gnolls
  2 adders
  An adder skeleton (D:5)
  A worm (D:3)
  A dart slug (D:5)
  4 leopard geckos
  11 orcs
  5 bats
  4 giant cockroaches
  9 hobgoblins
  4 jackals (D:5)
  6 kobolds (D:1)
  2 quokkas
  2 ball pythons
  A ball python skeleton (Ossuary)
  5 frilled lizards
  9 goblins
  A goblin zombie (D:5)
  4 hobgoblin skeletons (Ossuary)
  A hobgoblin zombie (Ossuary)
  A jackal skeleton (D:4)
  A kobold zombie (Ossuary)
  6 rats
129 creatures vanquished.

Vanquished Creatures (others)
  5 dream sheep (D:5)
5 creatures vanquished.

Grand Total: 134 creatures vanquished

Notes
Turn   | Place    | Note
-------+----------+-------------------------------------------
     0 | D:1      | Klosterheim the Formicid Earth Elementalist began the quest for the Orb.
     0 | D:1      | Reached XP level 1. HP: 13/13 MP: 3/3
     2 | D:1      | Noticed a human
     2 | D:1      | Noticed an octopode
     4 | D:1      | Noticed an ogre
     6 | D:1      | Noticed a demonspawn
     6 | D:1      | Noticed a vampire
     8 | D:1      | Noticed a merfolk
    11 | D:1      | Noticed a gargoyle
    11 | D:1      | Noticed an elf
    13 | D:1      | Noticed a formicid
    13 | D:1      | Noticed a demigod
    15 | D:1      | Noticed a vine stalker
    15 | D:1      | Noticed a spriggan
    17 | D:1      | Noticed a troll
    19 | D:1      | Noticed a draconian
    21 | D:1      | Noticed a naga
    21 | D:1      | Noticed a tengu
    23 | D:1      | Noticed a dwarf
    23 | D:1      | Noticed a centaur
    25 | D:1      | Noticed a ghoul
    25 | D:1      | Noticed a halfling
    27 | D:1      | Noticed a felid
    27 | D:1      | Noticed a minotaur
   334 | D:1      | Reached skill level 4 in Earth Magic
   353 | D:1      | Reached XP level 2. HP: 1/19 MP: 1/5
  1242 | D:1      | Reached XP level 3. HP: 22/24 MP: 6/6
  1851 | D:1      | Learned a level 2 spell: Passwall
  1996 | D:2      | Found a shattered altar of Ashenzari.
  2078 | D:2      | Became a worshipper of Ashenzari the Shackled
  2308 | D:2      | Learned a level 3 spell: Stone Arrow
  2559 | D:3      | Reached skill level 5 in Earth Magic
  2725 | D:3      | Reached XP level 4. HP: 21/30 MP: 4/7
  2978 | D:3      | Noticed Grinder
  2993 | D:3      | Killed Grinder
  2993 | D:3      | Reached skill level 6 in Earth Magic
  2993 | D:3      | Reached XP level 5. HP: 21/35 MP: 0/9
  2993 | D:3      | Reached XP level 6. HP: 24/41 MP: 0/10
  3636 | D:4      | Noticed Thaneod's ghost (amateur DsBe)
  3680 | D:4      | Noticed an ogre
  3771 | D:4      | Reached * piety under Ashenzari
  3771 | D:4      | Noticed an ogre
  3786 | D:3      | Reached XP level 7. HP: 22/46 MP: 10/12
  4077 | D:4      | Reached skill level 1 in Conjurations
  4416 | D:3      | Reached skill level 7 in Earth Magic
  5285 | D:3      | Reached XP level 8. HP: 23/52 MP: 10/13
  5456 | D:3      | Learned a level 4 spell: Petrify
  5889 | D:3      | Reached skill level 1 in Short Blades
  5998 | D:4      | Killed Thaneod's ghost
  5998 | D:4      | Reached skill level 5 in Stealth
  6625 | D:5      | Entered Level 5 of the Dungeon
  6628 | D:5      | Reached skill level 8 in Earth Magic
  6795 | D:5      | Found a staircase to the Ecumenical Temple.
  6852 | D:5      | Found a sand-covered staircase.
  6860 | Ossuary  | Entered an ossuary
  7096 | Ossuary  | Noticed a wraith
  7096 | Ossuary  | Noticed a flying skull
  7108 | Ossuary  | Noticed a wraith
  7112 | Ossuary  | Killed a wraith
  7206 | Ossuary  | Noticed a flying skull
  7209 | Ossuary  | Noticed a flying skull
  7213 | Ossuary  | Noticed a wraith
  7217 | Ossuary  | Killed a wraith
  7217 | Ossuary  | Reached XP level 9. HP: 47/57 MP: 6/16
  7606 | D:5      | Reached skill level 9 in Earth Magic
  7711 | D:5      | Reached skill level 5 in Spellcasting
  7885 | D:5      | Found a bloodstained altar of Trog.
  7942 | D:5      | Identified the +2 hand axe of the Desolation of Salt {chop, +Rage +Fly rF++ Dex-4}
  8400 | D:5      | Found a shimmering altar of Xom.
  9061 | D:6      | Slain by a wyvern skeleton

Vault maps used:
D:1:      kb_arrival_jail
D:2:      kb_forest_paths, ashenzari_conservatory_becter, first_ration
D:3:      uniq_grinder
D:5:      kb_xom_exploding_sheep, minmay_temple_entry_trees,
          nicolae_ossuary_entry_giza, bloody_trog
Ossuary:  ossuary_due_cavern

Skill      XL: |  1  2  3  4  5  6  7  8  9 |
---------------+----------------------------+-----
Earth Magic    | 4 5 6 7 8 9 |  9.7
Stealth        | 3 4 5 6 |  6.8
Spellcasting   | 3 4 5 |  5.4
Transmutations | 2 3 4 |  4.0
Conjurations   | 1 2 3 |  3.6
Short Blades   | 2 3 |  3.5
Dodging        | |  1.7
Unarmed Combat | |  0.1

Action                   |  1- 3 |  4- 6 |  7- 9 || total
-------------------------+-------+-------+-------++-------
Melee: Unarmed           |    40 |       |       ||    40
       Dagger            |   169 |    32 |   365 ||   566
 Cast: Sandblast         |    14 |    17 |    40 ||    71
       Stone Arrow       |       |     1 |    50 ||    51
       Passwall          |       |       |     3 ||     3
       Petrify           |       |       |     1 ||     1
Invok: Curse Item        |     1 |       |     2 ||     3
  Use: Scroll            |       |       |    11 ||    11
 Stab: Sleeping          |     4 |     1 |    15 ||    20
  Eat: Chunk             |     5 |     4 |    18 ||    27
       Ration            |       |       |     1 ||     1
Armor: Robe              |    56 |     8 |    62 ||   126
Dodge: Dodged            |   158 |    23 |   264 ||   445

Table legend:
 A = Spawn XP
 B = Non-spawn XP
 C = Spawn XP percentage of total XP
 D = Spawn monster count
 E = Non-spawn monster count
 F = Spawn count percentage of total count
 G = Total turns spent on level
                    A         B        C        D         E        F      G
               +---------+---------+-------+---------+---------+-------+---------
         Total |       0 |    3377 |   0.0 |       0 |     129 |   0.0 |  9061
               +---------+---------+-------+---------+---------+-------+---------
           D:1 |       0 |      48 |   0.0 |       0 |      31 |   0.0 |  1996
           D:2 |       0 |      11 |   0.0 |       0 |       7 |   0.0 |   492
           D:3 |       0 |     809 |   0.0 |       0 |      33 |   0.0 |  3255
           D:4 |       0 |     602 |   0.0 |       0 |      15 |   0.0 |   882
           D:5 |       0 |     614 |   0.0 |       0 |      24 |   0.0 |  1541
           D:6 |       0 |     678 |   0.0 |       0 |       7 |   0.0 |   364
       Ossuary |       0 |     615 |   0.0 |       0 |      12 |   0.0 |   531
               +---------+---------+-------+---------+---------+-------+---------
